 Dungeon Crawl Stone Soup version 0.30.1-9-gdf580d7c3d (webtiles) character file.

Game seed: 7350334346345651678

121 KittyFluff the Cudgeller (level 5, 0/33 HPs)
             Began as a Gargoyle Berserker on Oct 16, 2023.
             Was a Believer of Trog.
             Slain by a black bear (5 damage)
             ... on level 4 of the Dungeon.
             The game lasted 00:11:20 (2627 turns).

KittyFluff the Cudgeller (Gargoyle Berserker)       Turns: 2627, Time: 00:11:22

Health: 0/33       AC:  9    Str: 25    XL:     5   Next: 5%
Magic:  5/5        EV: 11    Int:  3    God:    Trog [**....]
Gold:   198        SH:  4    Dex:  9    Spells: 4/4 levels left

rFire   + . .        a - +0 mace
rCold   . . .        t - +1 buckler of the Accordion {+Inv Will+ rCorr Str+2 Int-4}
rNeg    + . .        A - +0 leather armour
rPois   ∞            (no helmet)
rElec   +            e - +0 cloak
rCorr   +            (no gloves)
SInv    .            i - +0 pair of boots
Will    +....        (no amulet)
Stlth   +            k - ring of protection from fire
HPRegen 0.25/turn    (no ring)
MPRegen 0.09/turn

%: no passive effects
@: no status effects
A: sickness immunity, AC +4, negative energy resistance 1, electricity
resistance, torment resistance 1, petrification resistance
a: Renounce Religion, Evoke Invisibility, Berserk, Trog's Hand


You were on level 4 of the Dungeon.
You worshipped Trog.
Trog was pleased with you.
You visited 1 branch of the dungeon, and saw 4 of its levels.

You collected 198 gold pieces.

Inventory:

Hand Weapons
 a - a +0 mace (weapon)
Missiles
 x - 2 poisoned darts (quivered)
Armour
 e - a +0 cloak (worn)
 i - a +0 pair of boots (worn)
 t - the +1 buckler of the Accordion (worn) {+Inv Will+ rCorr Str+2 Int-4}
   (You found it on level 3 of the Dungeon)

   Str:       It affects your strength (+2).
   Int:       It affects your intelligence (-4).
   +Inv:      It lets you turn invisible.
   rCorr:     It protects you from acid and corrosion.
   Will:      It increases your willpower.
 A - a +0 leather armour (worn)
Jewellery
 k - a ring of protection from fire (left hand)
 m - a ring of magical power
 n - a +6 ring of intelligence
 v - the ring of Facoto {Ice rElec rPois}
   (You found it on level 3 of the Dungeon)

   [ring of ice]

   It enhances your ice magic.
   rF:        It makes you vulnerable to fire.
   rC:        It protects you from cold.
   rElec:     It insulates you from electricity.
   rPois:     It protects you from poison.
Wands
 u - a wand of flame (17)
Scrolls
 c - 4 scrolls of noise {unknown}
 d - 4 scrolls of amnesia {unknown}
 h - a scroll of fog {unknown}
 o - 4 scrolls of blinking {unknown}
 r - a scroll of vulnerability {unknown}
 s - a scroll of magic mapping {unknown}
 y - 4 scrolls of teleportation {unknown}
Potions
 b - a potion of lignification
 f - a potion of invisibility
 g - a potion of berserk rage
 l - a potion of mutation {unknown}
 p - 3 potions of curing
 q - a potion of attraction {unknown}
 w - a potion of flight {unknown}
 z - a potion of haste {unknown}


   Skills:
 + Level 4.0 Fighting
 * Level 4.0 Maces & Flails
 * Level 3.4 Armour
 + Level 2.1 Dodging
 + Level 0.4 Shields


You had 4 spell levels left.
You didn't know any spells.
Your spell library was empty.

Dungeon Overview and Level Annotations

Branches:
Dungeon (4/15)
 Temple: D:4-7

Altars:
Elyvilon
Makhleb


Innate Abilities, Weirdness & Mutations

You are immune to sickness and miasma.
Your stone body is resilient. (AC +4)
You are immune to poison.
You resist negative energy. (rN+)
You are resistant to electric shocks. (rElec)
You are resistant to unholy torment.
You are immune to petrification.


Message History

The black bear bites you but does no damage.
The black bear claws you but does no damage.
The black bear closely misses you.
You hit the black bear.
The black bear is heavily wounded.
The black bear closely misses you. The black bear claws you.
The black bear claws you but does no damage.
You hit the black bear.
The black bear is severely wounded.
The black bear goes berserk!
You hit the black bear.
The black bear is severely wounded.
You block the black bear's attack. The black bear closely misses you.
The black bear claws you. The black bear bites you!
* * * LOW HITPOINT WARNING * * *
The black bear barely misses you. The black bear closely misses you.
You hit the black bear but do no damage.
The black bear is severely wounded.
The black bear bites you.
* * * LOW HITPOINT WARNING * * *
The black bear misses you. The black bear barely misses you.
The black bear completely misses you. The black bear barely misses you.
The black bear misses you.
You feel much better. The black bear bites you!
The black bear barely misses you. The black bear claws you.
The black bear bites you but does no damage.
The black bear claws you but does no damage.
The black bear claws you.
You closely miss the black bear.
The black bear is severely wounded.
The black bear bites you.
The black bear claws you but does no damage. x2
You barely miss the black bear.
The black bear is severely wounded.
The black bear bites you but does no damage.
The black bear claws you but does no damage.
The black bear claws you.
* * * LOW HITPOINT WARNING * * *
You block the black bear's attack. The black bear claws you.
You die...

#### ... .. ##.
###.## #.#hK#
###.@#..#
##....##....
##.##.####.....
#...:...##..h..
#......#.....$K
###.....##...#.
##......#..##.
##..........#
#..........##


You could see a black bear (berserk) and a kobold.

Vanquished Creatures
  Jessica (D:2)
  3 adders
  3 worms
  A dart slug (D:3)
  6 bats
  7 endoplasms
  4 giant cockroaches
  4 hobgoblins
  A quokka (D:1)
  7 ball pythons
  2 frilled lizards
  7 goblins
  6 kobolds
  6 rats
58 creatures vanquished.

Notes
Turn   | Place    | Note
-------+----------+-------------------------------------------
     0 | D:1      | KittyFluff the Gargoyle Berserker began the quest for the
                  | Orb.
     0 | D:1      | Reached XP level 1. HP: 14/14 MP: 1/1
   116 | D:1      | Reached XP level 2. HP: 19/19 MP: 2/2
   691 | D:1      | Reached XP level 3. HP: 23/23 MP: 3/3
   874 | D:1      | Reached ** piety under Trog
  1266 | D:2      | Noticed Jessica
  1272 | D:2      | Killed Jessica
  1273 | D:2      | Reached XP level 4. HP: 21/29 MP: 4/4
  1929 | D:3      | Identified the +1 buckler of the Accordion {+Inv Will+
                  | rCorr Str+2 Int-4}
  1974 | D:3      | Identified the ring of Facoto {Ice rElec rPois}
  2279 | D:3      | Found a burning altar of Makhleb.
  2510 | D:4      | Found a white marble altar of Elyvilon.
  2524 | D:4      | Reached XP level 5. HP: 33/33 MP: 5/5
  2604 | D:4      | Noticed a black bear
  2627 | D:4      | Slain by a black bear

Illustrated notes

Levels and vault maps discovered:
D:1:      dpeg_arrival_central, layout_loops_corners, hangedman_decor_growths,
          amcnicky_mini_rare_corridor_liquid
D:2:      layout_loops_corners, uniq_jessica
D:3:      layout_rooms, lightli_temple_of_fire
D:4:      layout_cave_pools, mainiacjoe_overflow_alcove_4

Skill      XL: |  1  2  3  4 |
---------------+-------------+-----
Armour         | 3 |  3.4
Dodging        | 2 |  2.1
Maces & Flails | 4 |  4.0
Fighting       | 4 |  4.0
Shields        | |  0.4

Action                     |  1- 3 |  4- 6 || total
---------------------------+-------+-------++-------
  Melee: Mace              |    98 |    87 ||   185
         Punch             |       |     1 ||     1
    Use: Scroll            |       |     5 ||     5
         Potion            |       |     1 ||     1
 Armour: Animal skin       |    38 |     7 ||    45
         Leather armour    |       |    42 ||    42
  Dodge: Dodged            |    65 |    70 ||   135
  Block: Buckler           |       |    13 ||    13
